 Dungeon Crawl Stone Soup version 0.31.0-9-g3a7656b989 (webtiles) character file.

Game seed: 261346906329591863

9 Colgate the Poker (level 2, 17/24 HPs)
             Began as a Demonspawn Cinder Acolyte on Feb 2, 2024.
             Was a High Priest of Ignis.
             Quit the game on level 1 of the Dungeon.
             The game lasted 00:00:14 (214 turns).

Colgate the Poker (Demonspawn Cinder Acolyte)        Turns: 214, Time: 00:00:15

Health: 17/24      AC:  2    Str: 14    XL:     2   Next: 3%
Magic:  3/3        EV: 11    Int: 14    God:    Ignis [*****.]
Gold:   7          SH:  0    Dex:  8    Spells: 3/3 levels left

rFire   + . .        a - -1 spear (flame)
rCold   . . .        (no shield)
rNeg    . . .        b - +0 robe
rPois   .            (no helmet)
rElec   .            (no cloak)
rCorr   .            (no gloves)
SInv    .            (no boots)
Will    .....        (no amulet)
Stlth   +            (no ring)
HPRegen 0.24/turn    (no ring)
MPRegen 0.08/turn

%: no passive effects
@: no status effects
A: demonic magic 1
a: Renounce Religion, Fiery Armour, Foxfire Swarm, Rising Flame


You were on level 1 of the Dungeon.
You worshipped Ignis.
Ignis was extremely pleased with you.
You visited 1 branch of the dungeon, and saw 1 of its levels.

You collected 7 gold pieces.

Inventory:

Hand Weapons
 a - a -1 spear of flaming (weapon)
Armour
 b - a +0 robe (worn)
Scrolls
 c - a scroll of fear {unknown}
 d - a scroll of brand weapon {unknown}


   Skills:
 - Level 3.0 Fighting
 + Level 3.2 Polearms
 - Level 1.0 Spellcasting
 - Level 2.6 Fire Magic


You had 3 spell levels left.
You didn't know any spells.
Your spell library contained the following spells:

 Spells                   Type           Power      Damage    Failure   Level
 Scorch                   Fire           16%        2d5       13%         2


Dungeon Overview and Level Annotations

Branches:
Dungeon (1/15)

Altars:


Innate Abilities, Weirdness & Mutations

Spells you cast may paralyse adjacent enemies.


Message History

A goblin comes into view. It is wielding a +0 dagger.
Found a steel ring.
The goblin shouts!
Found a scroll labelled JUKA CUPRUYFO.
A goblin is nearby!
You reach to attack!
You hit the goblin but do no damage.
A goblin is nearby!
You hit the goblin but do no damage. The goblin hits you with a +0 dagger.
A goblin is nearby!
You hit the goblin. You burn the goblin. The goblin hits you with a +0 dagger.
A goblin is nearby!
You barely miss the goblin. The goblin closely misses you.
A goblin is nearby!
You closely miss the goblin.
A goblin is nearby!
You closely miss the goblin.
A goblin comes into view. It is wielding a +0 dagger.
The goblin closely misses you.
There are monsters nearby!
You hit the goblin. You burn the goblin.
You kill the goblin!
A goblin is nearby!
Found a scroll labelled LUHIAS ZIOQA.
Things that are here:
a +0 dagger; a goblin corpse A goblin is nearby!
You reach to attack!
You hit the goblin. You burn the goblin.
A goblin is nearby!
You hit the goblin but do no damage. The goblin barely misses you.
A goblin is nearby!
You completely miss the goblin. The goblin hits you with a +0 dagger.
A goblin is nearby!
You hit the goblin but do no damage. The goblin barely misses you.
A goblin is nearby!
You hit the goblin. You burn the goblin.
You kill the goblin!
You have reached level 2!
Your demonic ancestry asserts itself...
A menacing aura infuses your magic.
Are you sure you want to abandon this character and quit the game? (Confirm with "yes".)

#.. #.. #.. #..
#..#################
#..#................
#..#.###############
#..@=..............#
##)#.#..............
...#.#.###########.#
.......#
###########.#
##..?...#
#...........#
#.####.#
#.########### # ..
..# #.# # ?# ## #.#
# #.###########


There were no monsters in sight!

Vanquished Creatures
  An endoplasm (D:1)
  2 goblins (D:1)
  3 jackals (D:1)
  A bat (D:1)
7 creatures vanquished.

Notes
Turn   | Place    | Note
-------+----------+-------------------------------------------
     0 | D:1      | Colgate the Demonspawn Cinder Acolyte began the quest for
                  | the Orb.
     0 | D:1      | Reached XP level 1. HP: 18/18 MP: 2/2
   214 | D:1      | Gained mutation: Spells you cast may paralyse adjacent
                  | enemies. [demonic ancestry]
   214 | D:1      | Reached XP level 2. HP: 17/24 MP: 3/3
   214 | D:1      | Quit the game

Illustrated notes

Levels and vault maps discovered:
D:1:      pf_arrival_petrified_forest, layout_basic,
          hangedman_decor_clover_reticule

Skill      XL: |  1 |
---------------+----+-----
Polearms       | 3 |  3.2
Fighting       | |  3.0
Spellcasting   | |  1.0
Fire Magic     | |  2.6

Action                     || total
---------------------------++-------
  Melee: Spear             ||    24
 Invoke: Fiery Armour      ||     1
 Armour: Robe              ||    15
  Dodge: Dodged            ||    18
